 Dungeon Crawl Stone Soup version 0.30.0 (webtiles) character file.

Game seed: 706609887028803864

87654 PoweredByGinger the Peltast (level 15, -5/94 HPs)
             Began as a Gargoyle Fighter on May 6, 2023.
             Was the Champion of Okawaru.
             Slain by a reaper
             ... wielding a +2 vampiric scythe
             ... summoned by a dread lich
              (16 damage)
             ... while paralysed by a dread lich
             ... on level 2 of the Abyss on May 7, 2023.
             The game lasted 00:53:13 (23914 turns).

PoweredByGinger the Peltast (Gargoyle Fighter)     Turns: 23914, Time: 00:53:13

Health: -5/94      AC: 51    Str: 39    XL:     15   Next: 91%
Magic:  20/20      EV:  2    Int:  9    God:    Okawaru [******]
Gold:   1549       SH:  0    Dex:  7    Spells: 14/14 levels left

rFire   . . .        a - +1 broad axe (heavy)
rCold   . . .        (no shield)
rNeg    + . .        E - +14 crystal plate armour of Evolution {rPois Regen+}
rPois   ∞            r - +0 helmet
rElec   +            j - +0 cloak
rCorr   .            Y - +0 pair of gloves
SInv    .            (no boots)
Will    +....        U - amulet of regeneration Stlth
                     m - +6 ring of strength
HPRegen 1.95/turn    S - +6 ring of strength
MPRegen 0.17/turn

%: no passive effects
@: paralysed, flying, slowed
A: sickness immunity, AC +11, big wings, negative energy resistance 1,
electricity resistance, torment resistance 1, petrification resistance, clumsy
1, evolution 1
a: Renounce Religion, Heroism, Finesse, Duel


You were on level 2 of the Abyss.
You worshipped Okawaru.
Okawaru was exalted by your worship.
You visited 3 branches of the dungeon, and saw 21 of its levels.
You visited the Abyss 2 times.
You also visited: Bailey and Gauntlet.

You collected 1724 gold pieces.
You spent 175 gold pieces at shops.

Inventory:

Hand Weapons
 a - a +1 heavy broad axe (weapon)
 b - a +2 war axe of flaming
 z - a +6 battleaxe
Missiles
 k - 26 poisoned darts
 D - 2 boomerangs of dispersal
 H - 29 boomerangs (quivered)
 V - 3 throwing nets
Armour
 j - a +0 cloak (worn)
 l - the +6 tower shield of the Depths {rPois Dex+6}
   (Okawaru gifted it to you on level 14 of the Dungeon)

   Dex:       It affects your dexterity (+6).
   rPois:     It protects you from poison.
 r - a +0 helmet (worn)
 s - the +8 crystal plate armour of the Fife {+Blink rElec rF++ rC-}
   (Okawaru gifted it to you on level 1 of the Lair of Beasts)

   rF:        It greatly protects you from fire.
   rC:        It makes you vulnerable to cold.
   rElec:     It insulates you from electricity.
   +Blink:    It lets you blink.
 E - the +14 crystal plate armour of Evolution (worn) {rPois Regen+}
   (Okawaru gifted it to you on level 13 of the Dungeon)

   rPois:     It protects you from poison.
   Regen:     It increases your rate of health regeneration.
 Y - a +0 pair of gloves (worn)
Jewellery
 c - a +6 ring of strength
 m - a +6 ring of strength (left hand)
 J - a ring of willpower
 M - a +5 ring of evasion
 N - the ring "Norghi" {Wiz +Blink}
   (You found it on level 8 of the Dungeon)

   [ring of wizardry]

   It improves your spell success rate.
   +Blink:    It lets you blink.
 S - a +6 ring of strength (right hand)
 U - an amulet of regeneration (around neck)
Wands
 n - a wand of flame (35)
 v - a wand of quicksilver (6)
 P - a wand of roots (18)
Scrolls
 g - 5 scrolls of fog
 i - 2 scrolls of brand weapon
 o - a scroll of silence
 u - 7 scrolls of summoning
 w - 5 scrolls of enchant armour
 y - a scroll of immolation {unknown}
 A - 2 scrolls of magic mapping
 F - 8 scrolls of fear {unknown}
 K - 2 scrolls of amnesia
 L - 5 scrolls of poison
 R - a scroll of blinking {unknown}
 T - a scroll of enchant weapon
 X - 2 scrolls of torment
Potions
 d - 5 potions of might
 e - 2 potions of magic
 f - 2 potions of lignification
 h - 3 potions of ambrosia
 p - 4 potions of flight
 q - a potion of heal wounds
 t - a potion of cancellation
 x - 8 potions of curing
 C - 3 potions of invisibility
 G - 5 potions of haste
 I - 2 potions of resistance
 W - 2 potions of attraction
Miscellaneous
 O - a piece from Xom's chessboard (15/15)


   Skills:
 + Level 11.0 Fighting
 + Level 14.0 Axes
 + Level 8.0 Throwing
 + Level 12.0 Armour
 * Level 17.1 Shields
 - Level 7.0 Invocations


You had 14 spell levels left.
You didn't know any spells.
Your spell library contained the following spells:

 Spells                   Type           Power      Damage    Failure   Level
 Freeze                   Ice            0%         1d3       99%         1
 Kiss of Death            Conj/Necr      0%         2d5       99%         1
 Blink                    Tloc           0%         N/A       100%        2
 Ensorcelled Hibernation  Hex/Ice        0%         N/A       100%        2
 Passwall                 Tmut/Erth      0%         N/A       100%        2
 Poisonous Vapours        Pois/Air       0%         N/A       100%        2
 Confusing Touch          Hex            0%         N/A       100%        3
 Dazzling Flash           Conj/Hex       0%         N/A       100%        3
 Frozen Ramparts          Ice            0%         1d1       100%        3
 Gell's Gravitas          Tloc           0%         N/A       100%        3
 Hailstorm                Conj/Ice       0%         3d3       100%        3
 Ignite Poison            Fire/Tmut/Pois 0%         N/A       100%        3
 Mephitic Cloud           Conj/Pois/Air  0%         N/A       100%        3
 Ozocubu's Armour         Ice            0%         N/A       100%        3
 Portal Projectile        Hex/Tloc       0%         N/A       100%        3
 Swiftness                Air            0%         N/A       100%        3
 Teleport Other           Tloc           0%         N/A       100%        3
 Volatile Blastmotes      Fire/Tloc      0%         2d10      100%        3
 Dispel Undead            Necr           0%         3d6       100%        4
 Iskenderun's Mystic Bla  Conj/Tloc      0%         2d3       100%        4
 Leda's Liquefaction      Hex/Erth       0%         N/A       100%        4
 Manifold Assault         Tloc           0%         N/A       100%        4
 Petrify                  Tmut/Erth      0%         N/A       100%        4
 Sticky Flame             Conj/Fire      0%         2d3       100%        4
 Alistair's Intoxication  Tmut/Pois      0%         N/A       100%        5
 Blade Hands              Tmut           0%         N/A       100%        5
 Borgnjor's Vile Clutch   Necr/Erth      0%         N/A       100%        5
 Freezing Cloud           Conj/Ice/Air   0%         6-21      100%        5
 Iskenderun's Battlesphe  Conj           0%         2d6       100%        5
 Metabolic Englaciation   Hex/Ice        0%         N/A       100%        5
 Dispersal                Tloc           0%         N/A       100%        6
 Eringya's Noxious Bog    Tmut/Pois      0%         N/A       100%        6
 Iron Shot                Conj/Erth      0%         9d1       100%        6
 Starburst                Conj/Fire      0%         6d3       100%        6
 Ozocubu's Refrigeration  Ice            0%         4d7       100%        7
 Storm Form               Tmut/Air       0%         N/A       100%        7
 Ignition                 Fire           0%         3d3       100%        8
 Call Canine Familiar     Summ           Unusable   N/A       N/A         3
 Tukima's Dance           Hex            Unusable   N/A       N/A         3
 Statue Form              Tmut/Erth      Unusable   N/A       N/A         6
 Malign Gateway           Summ/Tloc      Unusable   N/A       N/A         7
 Spellforged Servitor     Conj/Summ      Unusable   N/A       N/A         7
 Summon Horrible Things   Summ           Unusable   N/A       N/A         8

Dungeon Overview and Level Annotations

Branches:
Dungeon (15/15)            Temple (1/1) D:5            Lair (5/5) D:10
 Shoals (0/4) Lair:2       Spider (0/4) Lair:2        Slime (0/5) Lair:4
    Orc (0/2) D:11         Vaults (0/5) D:14         Bailey (visited)
Gauntlet (visited)
 Depths: D:15

Altars:
Ashenzari
Cheibriados
Dithmenos
Elyvilon
Fedhas
Gozag
Hepliaklqana
Kikubaaqudgha
Makhleb
Nemelex Xobeh
Okawaru
Qazlal
Ru
Sif Muna
Trog
Uskayaw
Vehumet
Wu Jian
Xom
Yredelemnul
Zin
The Shining One

Shops:
D:5 ?

Annotations:
D:3 2 runed translucent doors, sillygoose99's ghost, weakling OgHW
D:11 Sonja
Lair:2 exclusion: 4 doors


Innate Abilities, Weirdness & Mutations

You are immune to sickness and miasma.
Your stone body is resilient. (AC +11)
You are immune to poison.
Your large and strong wings let you fly.
You resist negative energy. (rN+)
You are resistant to electric shocks. (rElec)
You are resistant to unholy torment.
You are immune to petrification.
You are clumsy. (Dex -2)
You have hidden genetic potential.


Message History

Something touches you but does no damage.
The reaper closely misses you. The cacodemon hits you!
The cacodemon hits you but does no damage.
You hit something. You closely miss the cacodemon. You slash the reaper!
Something touches you but does no damage.
The reaper hits you with a +2 vampiric scythe!
You hear some strange, mumbled words.
The cacodemon gestures at you. You resist with significant effort.
Unknown command.
You barely miss something. You slice the cacodemon!! You slice the reaper!!
Something touches you but does no damage.
The reaper barely misses you. The cacodemon hits you!
The cacodemon hits you but does no damage.
Something touches you but does no damage.
Unknown command.
You barely miss something. You hit the reaper. You slash the balrug!
You slice the cacodemon!! Something touches you.
The reaper hits you but does no damage. The balrug hits you but does no damage.
The cacodemon hits you but does no damage. x2
You hear some strange, mumbled words.
You suddenly lose the ability to move!
The reaper hits you but does no damage. The cacodemon gestures at you.
You feel yourself slow down. The balrug hits you but does no damage.
You hear some strange, mumbled words.
The balrug hits you but does no damage.
The reaper hits you with a +2 vampiric scythe!!
* * * LOW HITPOINT WARNING * * *
The cacodemon hits you!
* * * LOW HITPOINT WARNING * * *
The cacodemon hits you but does no damage.
Something touches you but does no damage.
The balrug hits you but does no damage. The reaper hits you but does no damage.
The cacodemon hits you but does no damage. x2
Something touches you.
* * * LOW HITPOINT WARNING * * *
The balrug hits you but does no damage.
Something touches you but does no damage.
The reaper hits you with a +2 vampiric scythe!
You die...

.. ..... ...
....# ..# ...
...## .#.#.
..##...#......
#.....#.....
#.....#......
...#............
.......@2#.... .
......2{2.......
#....###'###....
#... #.># .. ...
##.# .. #.... .
##.. #... .#...


You could see a cacodemon (summoned), a reaper (summoned) and a balrug
(summoned).

Vanquished Creatures
  A tengu reaver (D:13)
  A storm dragon (D:13)
  The ghost of Cown the Bludgeoner, a journeyman TrHu of Yredelemnul (D:14)
  An orc warlord (Bailey)
  Josephine (D:13)
  A rakshasa (D:14)
  8 hydras
  An ogre mage (D:13)
  A catoblepas (Lair:5)
  3 dancing weapons (D:14)
  2 centaur warriors
  3 boulder beetles
  6 two-headed ogres
  A thrashing horror (Abyss:1)
  Nergalle (Lair:1)
  6 skeletal warriors
  2 cherubim (D:14)
  3 skysharks
  Lodul (D:11)
  Pikel (D:8)
  2 deep elf pyromancers
  15 ugly things
  4 manticores
  2 cyclopes (D:14)
  4 black mambas
  A guardian serpent (shapeshifter) (D:14)
  A gargoyle (D:11)
  Maggie (D:8)
  22 cane toads
  2 efreet
  10 rime drakes
  Psyche (D:12)
  A kobold demonologist (D:11)
  2 unseen horrors (D:11)
  9 komodo dragons
  2 tengu conjurers (D:12)
  5 meliai
  A tyrant leech (Lair:5)
  4 trolls
  A wind drake (Lair:2)
  19 blink frogs
  4 dream sheep (Lair:4)
  5 slime creatures (D:13)
  A shadow (D:12)
  8 wyverns
  17 flying skulls (D:13)
  A ynoxinul (Abyss:1)
  A water elemental (D:14)
  20 yaks
  4 wraiths
  A large abomination (Abyss:1)
  2 steam dragons
  10 vampire mosquitoes
  6 basilisks
  A warg (D:11)
  17 water moccasins
  2 acid dragons (D:12)
  A hell hound (Abyss:1)
  2 black bears
  Duvessa (D:7)
  An ice beast (D:5)
  9 ogres
  9 orc warriors
  6 wolves (Lair:2)
  4 centaurs
  2 kobold brigands
  22 bullfrogs
  4 scorpions
  3 gnoll sergeants
  Dowan (D:7)
  7 killer bees
  8 electric eels
  A howler monkey (D:9)
  A hound (D:6)
  3 lava snakes (Lair:1)
  9 jellies
  2 orc priests
  2 gnoll boudas
  3 iguanas
  Jessica (D:2)
  Natasha (thrice) (D:2)
  15 orc wizards
  7 hell rats
  Robin (D:1)
  20 gnolls
  4 adders
  2 shadow imps
  A white imp (D:6)
  An ufetubus (D:4)
  2 worms
  4 dart slugs
  35 orcs
  5 ball pythons
  3 bats
  7 endoplasms
  2 giant cockroaches (D:1)
  20 goblins
  16 hobgoblins
  4 jackals
  32 kobolds
  4 quokkas
  6 frilled lizards
  6 rats
  2 bushes (Lair:2)
  A butterfly (D:9)
559 creatures vanquished.

Vanquished Creatures (others)
  A yak (D:11)
  A vampire mosquito (Lair:5)
  A fire vortex (Lair:1)
  62 fungi
  73 plants
  25 withered plants
163 creatures vanquished.

Grand Total: 722 creatures vanquished

Notes
Turn   | Place    | Note
-------+----------+-------------------------------------------
     0 | D:1      | PoweredByGinger the Gargoyle Fighter began the quest for
                  | the Orb.
     0 | D:1      | Reached XP level 1. HP: 14/14 MP: 1/1
   126 | D:1      | Reached XP level 2. HP: 19/19 MP: 2/2
   491 | D:1      | Reached XP level 3. HP: 23/23 MP: 3/3
   674 | D:1      | Found a faded altar of an unknown god.
   879 | D:2      | Noticed Natasha
   913 | D:2      | Noticed Robin
  1167 | D:2      | Killed Natasha
  1168 | D:2      | Reached skill level 4 in Shields
  1168 | D:2      | Reached XP level 4. HP: 3/28 MP: 4/4
  1244 | D:2      | Noticed Natasha
  1326 | D:2      | Killed Natasha
  1543 | D:2      | Noticed Natasha
  1551 | D:2      | Killed Natasha
  1552 | D:2      | Reached XP level 5. HP: 9/32 MP: 5/5
  1556 | D:2      | Identified the +2 buckler of the Falcon {Harm Int+3}
  1655 | D:1      | Killed Robin
  2083 | D:3      | Found a large runed translucent door.
  2083 | D:3      | Found a large runed translucent door.
  2090 | D:3      | Noticed sillygoose99's ghost (weakling OgHW)
  2181 | D:3      | Noticed Jessica
  3024 | D:3      | Reached XP level 6. HP: 36/37 MP: 6/6
  3133 | D:2      | Killed Jessica
  3293 | D:3      | Reached skill level 5 in Shields
  3694 | D:4      | Reached skill level 5 in Axes
  3952 | D:5      | Entered Level 5 of the Dungeon
  3969 | D:5      | Found Miuss's Magic Scroll Emporium.
  3995 | D:5      | Bought a scroll of identify for 26 gold pieces
  3995 | D:5      | Bought a scroll of magic mapping for 97 gold pieces
  3995 | D:5      | Bought a scroll of fog for 52 gold pieces
  4152 | D:4      | Reached XP level 7. HP: 30/41 MP: 7/7
  4501 | D:5      | Found a staircase to the Ecumenical Temple.
  4582 | D:5      | Reached skill level 6 in Shields
  4613 | Temple   | Entered the Ecumenical Temple
  4647 | Temple   | Became a worshipper of Warmaster Okawaru
  4813 | D:5      | Reached XP level 8. HP: 43/46 MP: 8/8
  4978 | D:6      | Reached * piety under Okawaru
  5180 | D:6      | Reached skill level 7 in Shields
  5306 | D:6      | Found an ornate altar of the Wu Jian Council.
  5422 | D:6      | Found a hide-covered altar of Uskayaw.
  5986 | D:6      | Noticed a manticore
  6180 | D:7      | Reached skill level 8 in Shields
  6181 | D:7      | Reached XP level 9. HP: 46/51 MP: 9/9
  6331 | D:8      | Noticed Maggie
  6416 | D:8      | Reached ** piety under Okawaru
  6566 | D:8      | Identified the ring "Norghi" {Wiz +Blink}
  6591 | D:8      | Killed Maggie
  6592 | D:8      | Reached skill level 9 in Shields
  7095 | D:8      | Found a stormy altar of Qazlal.
  7137 | D:8      | Noticed Pikel
  7158 | D:8      | Killed Pikel
  7158 | D:8      | Reached *** piety under Okawaru
  7248 | D:7      | Noticed Duvessa
  7248 | D:7      | Noticed Dowan
  7259 | D:8      | Reached skill level 10 in Shields
  7667 | D:7      | Found a broken altar of Ashenzari.
  8099 | D:7      | Reached XP level 10. HP: 48/56 MP: 10/10
  8227 | D:7      | Killed Dowan
  8236 | D:7      | Killed Duvessa
  8336 | D:7      | Found a sacrificial altar of Ru.
  8336 | D:7      | Found a shadowy altar of Dithmenos.
  8337 | D:7      | Found a glowing silver altar of Zin.
  8337 | D:7      | Found a radiant altar of Vehumet.
  9345 | D:9      | Found a white marble altar of Elyvilon.
  9446 | D:9      | Reached skill level 10 in Axes
  9501 | D:9      | Reached skill level 5 in Fighting
  9503 | D:9      | Reached **** piety under Okawaru
 10028 | D:10     | Entered Level 10 of the Dungeon
 10051 | D:10     | Reached skill level 11 in Shields
 10258 | D:10     | Found a flagged portal.
 10265 | Bailey   | Entered a bailey
 10270 | Bailey   | Noticed an orc warlord
 10497 | Bailey   | Found a runed translucent gate.
 10498 | Bailey   | Found a runed translucent gate.
 10499 | Bailey   | Found a runed translucent gate.
 10669 | Bailey   | Killed an orc warlord
 10670 | Bailey   | Reached XP level 11. HP: 55/66 MP: 11/11
 10788 | Bailey   | Identified the +10 halberd "Kawegyel" {antimagic, Will++
                  | Str+3}
 10852 | D:10     | Found the +5 woodcutter's axe
 11034 | D:10     | Noticed a two-headed ogre
 11040 | D:10     | Killed a two-headed ogre
 11040 | D:10     | Reached ***** piety under Okawaru
 11041 | D:10     | Reached skill level 12 in Shields
 11563 | D:10     | Found a staircase to the Lair.
 11715 | D:11     | Received a gift from Okawaru
 11769 | D:11     | Noticed Sonja
 11769 | D:11     | Noticed Psyche
 11815 | D:12     | Killed Psyche
 12022 | D:11     | Noticed a boulder beetle
 12237 | D:12     | Noticed a two-headed ogre
 12241 | D:12     | Killed a two-headed ogre
 12242 | D:12     | Reached skill level 5 in Armour
 12598 | D:12     | Noticed a deep elf pyromancer
 12603 | D:12     | Killed a deep elf pyromancer
 13253 | D:13     | Found a gate leading to a gauntlet.
 13266 | Gauntlet | Entered a Gauntlet
 13266 | Gauntlet | Noticed a fire crab
 13266 | Gauntlet | Noticed a worldbinder
 13266 | Gauntlet | Found a large runed translucent door.
 13266 | Gauntlet | Found a large runed translucent door.
 13266 | Gauntlet | Found a large runed translucent door.
 13266 | Gauntlet | Found a large runed translucent door.
 13266 | Gauntlet | Found a runed translucent door.
 13266 | Gauntlet | Found a large runed translucent door.
 13266 | Gauntlet | Found a large runed translucent door.
 13266 | Gauntlet | Found a transporter.
 13266 | Gauntlet | Found a transporter.
 13266 | Gauntlet | Found a large runed translucent door.
 13266 | Gauntlet | Found a large runed translucent door.
 13266 | Gauntlet | Found a runed translucent gate.
 13266 | Gauntlet | Found a runed translucent gate.
 13266 | Gauntlet | Found a transporter.
 13267 | Gauntlet | Found a transporter.
 13270 | Gauntlet | Found a transporter.
 13270 | Gauntlet | Found a transporter.
 13271 | Gauntlet | Found a runed translucent gate.
 13271 | Gauntlet | Found a runed translucent door.
 13273 | Gauntlet | Noticed a necromancer
 13275 | Gauntlet | Found a large runed translucent door.
 13275 | Gauntlet | Found a large runed translucent door.
 13280 | Gauntlet | Found a transporter.
 13280 | Gauntlet | Noticed a death yak
 13282 | Gauntlet | Noticed a necromancer
 13284 | Gauntlet | Found a transporter.
 13284 | Gauntlet | Noticed a death yak
 13286 | Gauntlet | Noticed a death yak
 13286 | Gauntlet | Noticed a death yak
 13286 | Gauntlet | Noticed a death yak
 13286 | Gauntlet | Noticed a death yak
 13291 | Gauntlet | Noticed a death yak
 13292 | Gauntlet | Noticed a death yak
 13294 | Gauntlet | Found a transporter.
 13297 | Gauntlet | Found the +3 pair of mountain boots {steadfast, rC+}
 13340 | Gauntlet | Found a large runed translucent door.
 13340 | Gauntlet | Found a large runed translucent door.
 13343 | Gauntlet | Found a large runed translucent door.
 13343 | Gauntlet | Found a large runed translucent door.
 13344 | Gauntlet | Found a large runed translucent door.
 13345 | Gauntlet | Found a large runed translucent door.
 13395 | Gauntlet | Found a transporter.
 13395 | Gauntlet | Noticed a death yak
 13396 | Gauntlet | Noticed a death yak
 13399 | Gauntlet | Found a transporter.
 13409 | Gauntlet | Found a transporter.
 13677 | D:11     | Reached skill level 13 in Shields
 13757 | D:11     | Noticed Lodul
 13923 | Lair:1   | Entered Level 1 of the Lair of Beasts
 14035 | Lair:1   | Identified the +8 crystal plate armour of the Fife {+Blink
                  | rElec rF++ rC-} (Okawaru gifted it to you on level 1 of the
                  | Lair of Beasts)
 14035 | Lair:1   | Received a gift from Okawaru
 14036 | Lair:1   | Reached XP level 12. HP: 48/72 MP: 12/12
 14036 | Lair:1   | Reached XP level 13. HP: 51/76 MP: 13/13
 14739 | Lair:2   | Found a hole to the Spider Nest.
 14969 | Lair:2   | Noticed Nergalle
 15116 | Lair:1   | Killed Nergalle
 15425 | Lair:2   | Reached skill level 1 in Throwing
 15478 | Lair:2   | Reached skill level 1 in Invocations
 16207 | Lair:2   | Found a staircase to the Shoals.
 16218 | Lair:2   | Reached skill level 5 in Invocations
 18137 | Lair:4   | Reached skill level 14 in Shields
 18295 | Lair:4   | Identified a scroll of acquirement
 18297 | Lair:4   | Acquired a +2 war axe of flaming
 18593 | Lair:4   | Found a staircase to the Slime Pits.
 18606 | Lair:4   | Gained mutation: Your large and strong wings let you fly.
                  | [Gargoyle growth]
 18606 | Lair:4   | Reached XP level 14. HP: 60/82 MP: 19/19
 18876 | Lair:4   | Reached skill level 15 in Shields
 19211 | Lair:5   | Entered Level 5 of the Lair of Beasts
 19248 | Lair:5   | Received a gift from Okawaru
 19252 | Lair:5   | Reached ****** piety under Okawaru
 19266 | Lair:5   | Reached skill level 5 in Throwing
 20377 | Abyss:1  | Cast into level 1 of the Abyss (Sonja)
 20434 | Abyss:1  | Found a corrupted altar of Lugonu.
 20436 | Abyss:1  | Found a corrupted altar of Lugonu.
 20436 | Abyss:1  | Found a corrupted altar of Lugonu.
 20586 | D:11     | Escaped the Abyss
 20700 | D:13     | Noticed a storm dragon
 20702 | D:13     | Noticed a tengu reaver
 20710 | D:13     | Killed a storm dragon
 20711 | D:13     | Reached skill level 16 in Shields
 20732 | D:13     | Killed a tengu reaver
 20732 | D:13     | Identified the +8 hand axe of the Evil Eye {spect, *Noise
                  | rN+ Int+3 Dex+4} (Okawaru gifted it to you on level 13 of
                  | the Dungeon)
 20732 | D:13     | Received a gift from Okawaru
 21086 | D:13     | Reached XP level 15. HP: 81/90 MP: 20/20
 21118 | D:13     | Found the +3 giant club "Skullcrusher" {speed, Str+7}
 21694 | D:13     | Identified the +14 crystal plate armour of Evolution {rPois
                  | Regen+} (Okawaru gifted it to you on level 13 of the
                  | Dungeon)
 21694 | D:13     | Received a gift from Okawaru
 21695 | D:13     | Reached skill level 10 in Fighting
 22020 | D:13     | Gained mutation: You are clumsy. (Dex -2) [potion of
                  | mutation]
 22020 | D:13     | Gained mutation: You have hidden genetic potential. [potion
                  | of mutation]
 22055 | D:14     | Noticed Josephine
 22076 | D:13     | Killed Josephine
 22437 | D:15     | Entered Level 15 of the Dungeon
 22611 | D:14     | Noticed Cown's ghost (journeyman TrHu)
 22611 | D:14     | Noticed Cown's ghost (journeyman TrHu)
 22637 | D:14     | Found a runed translucent door.
 22820 | D:14     | Reached skill level 17 in Shields
 22974 | D:14     | Identified the +6 tower shield of the Depths {rPois Dex+6}
                  | (Okawaru gifted it to you on level 14 of the Dungeon)
 22974 | D:14     | Received a gift from Okawaru
 23092 | D:14     | Found a gate to the Vaults.
 23516 | D:14     | Killed Cown's ghost
 23750 | D:11     | Found a staircase to the Orcish Mines.
 23877 | D:11     | Killed Lodul
 23884 | Abyss:2  | Noticed a dread lich
 23884 | Abyss:2  | Cast into level 2 of the Abyss (Sonja)
 23898 | Abyss:2  | Paralysed by something for 4 turns
 23910 | Abyss:2  | Noticed a balrug
 23911 | Abyss:2  | Paralysed by something for 5 turns
 23914 | Abyss:2  | Slain by a reaper

Illustrated notes

Levels and vault maps discovered:
D:1:      mrwooster_arrival_statue, layout_basic,
          shapermc_ecumenical_altar_mp_highgroup
D:2:      layout_loops_ring, uniq_natasha, uniq_robin
D:3:      layout_loops_cross, ebering_ghost_disaster_area, uniq_jessica
D:4:      layout_gridville
D:5:      layout_gridville, minmay_temple_entry_statues_pillars, serial_shops,
          nicolae_stop_n_shop_2
D:6:      layout_basic, nzn_wu_jian_council_hall, amcnicky_altar_gilded,
          lightli_corner_chamber
D:7:      layout_cave_pods, lemuel_doored_altar,
          chequers_temple_overflow_statue_of_worship, water_maze_lemuel,
          uniq_duvessa
D:8:      layout_loops_ring, nicolae_qazlal_eye_of_the_storm, uniq_maggie,
          uniq_pikel
D:9:      layout_layer_cave, nicolae_elyvilon_peaceful_grove
D:10:     layout_roguey, grunt_lair_entry_orc_guard_hut, enter_bailey_4,
          reono_crystal_passage, minmay_misc_feat_tiny
D:11:     layout_basic, erik_orc_3, uniq_psyche, uniq_sonja, uniq_lodul
D:12:     layout_loops_ring
D:13:     minmay_outward_triangles, layout_stronghold, gauntlet_entry_generic,
          minmay_guarded_unrand_skullcrusher
D:14:     layout_basic, erik_vaults_1, nrook_pool_corridor,
          hellmonk_ghost_happy_afterlife, pf_eden, uniq_josephine
D:15:     hangedman_depths_entry_try_elsewhere_first, layout_cave_pools,
          nicolae_triple_integral
Temple:   nicolae_temple_ecumenical_triangle
Lair:1:   layout_small_grid, nicolae_lair_liquid_snakes
Lair:2:   nzn_winding_woodlands_cross [nzn_winding_woodlands_5x15_lazy_stream,
          nzn_winding_woodlands_5x15_river_crossing,
          nzn_winding_woodlands_5x15_pool, nzn_winding_woodlands_5x15_eye,
          nzn_winding_woodlands_15x15_killbox], layout_long_grid,
          minmay_shoals_entry_beasts, hellmonk_spider_entry_not_the_bees,
          uniq_nergalle
Lair:3:   layout_concentric_octagons, grunt_megastairs_3, serial_bayou_shore_a
Lair:4:   layout_cave_pods, nicolae_slime_entry_field_trip, special_room
          [special_room_mythical_zoo], dreamdust_gnoll_shepherd
Lair:5:   minmay_lair_end_frog_pond, layout_regular_city,
          pdpol_lair_neglected_garden, grunt_megastairs_2
Abyss:2:  base:
Lair:5

Skill      XL: |  1  2  3  4  5  6  7  8  9 10 11 12 13 14 15 |
---------------+----------------------------------------------+-----
Axes           | 2 3 4 5 6 8 9 10 11 12 13 14 | 14.0
Shields        | 4 5 6 8 10 11 13 14 16 17 | 17.1
Fighting       | 6 7 9 11 | 11.0
Armour         | 6 11 12 | 12.0
Throwing       | 3 6 8 |  8.0
Invocations    | 7 |  7.0

Action                     |  1- 3 |  4- 6 |  7- 9 | 10-12 | 13-15 || total
---------------------------+-------+-------+-------+-------+-------++-------
  Melee: War axe           |   119 |   195 |   245 |   299 |    82 ||   940
         Broad axe         |       |       |       |    28 |   767 ||   795
  Throw: Dart              |       |       |     1 |       |       ||     1
         Boomerang         |       |       |       |       |     6 ||     6
 Invoke: Finesse           |       |       |       |       |     5 ||     5
         Heroism           |       |       |       |       |     3 ||     3
  Evoke: Wand              |       |       |     9 |     9 |    15 ||    33
         Piece from Xom's  |       |       |       |       |     2 ||     2
    Use: Scroll            |       |       |    14 |    11 |    11 ||    36
         Potion            |       |       |     6 |    10 |     6 ||    22
   Stab: Distracted        |       |       |       |     1 |       ||     1
         Petrified         |       |       |       |       |     4 ||     4
 Armour: Scale mail        |    56 |   111 |       |       |       ||   167
         Plate armour      |       |    28 |   240 |   290 |       ||   558
         Skin              |       |       |       |     1 |       ||     1
         Crystal plate arm |       |       |       |       |  1037 ||  1037
  Dodge: Dodged            |    52 |   111 |    98 |   135 |   362 ||   758
  Block: Buckler           |    25 |    34 |    91 |   107 |   350 ||   607
